 Dungeon Crawl Stone Soup version 0.19.4-10-g532645f (webtiles) character file.

79 Patwa the Cutter (level 4, -7/33 HPs)
             Began as a Vampire Gladiator on Feb 22, 2017.
             Killed by divine providence
             ... invoked by an orc priest
              (16 damage)
             ... on level 3 of the Dungeon.
             The game lasted 00:09:32 (1314 turns).

Patwa the Cutter (Vampire Gladiator)                Turns: 1314, Time: 00:09:33

Health: -7/33      AC:  6    Str: 15    XL:     4   Next: 16%
Magic:  4/4        EV: 13    Int: 10    God:
Gold:   112        SH:  0    Dex: 14    Spells: 0 memorised, 3 levels left

rFire  . . .     SeeInvis +     D - +0 great sword (slice)
rCold  + . .     Gourm    .     z - +0 leather armour
rNeg   + . .     Faith    .     (shield currently unavailable)
rPois  .         Spirit   .     c - +0 helmet
rElec  .         Reflect  .     l - +1 cloak
rCorr  .         Harm     .     (no gloves)
MR     .....                    (no boots)
Stlth  +.........               (no amulet)
                                (no ring)
                                g - ring of protection from cold

@: lethally poisoned (-7 -> -8)
A: fangs 3, see invisible, unbreathing
a: Bat Form


You were on level 3 of the Dungeon.
You were not thirsty.

You visited 1 branch of the dungeon, and saw 3 of its levels.

You collected 112 gold pieces.

Inventory:

Hand Weapons
 a - a +0 rapier
 h - a +0 whip
 i - a +0 dagger
 j - a cursed -2 club
 k - a +0 dagger
 p - a +0 club
 r - a +0 club
 B - a +0 hand axe
 C - a +0 dagger
 D - a +0 great sword of slicing (weapon)
 E - a +0 club
 G - a +0 short sword
 H - a +0 hand axe
 J - a +0 club
 Q - a +0 dagger
 R - a +0 long sword
Missiles
 d - 2 throwing nets
 s - 14 stones (quivered)
 N - 16 poisoned needles
Armour
 b - a +0 leather armour
 c - a +0 helmet (worn)
 l - a +1 cloak (worn)
 m - a +0 robe
 t - a +0 naga barding
 z - a +0 leather armour (worn)
 I - a +0 ring mail
 M - a +0 robe
Jewellery
 g - a ring of protection from cold (left hand)
 O - an uncursed ring of protection from magic {unknown}
Scrolls
 o - 3 scrolls of recharging {unknown}
 w - a scroll of enchant weapon {unknown}
 y - a scroll of random uselessness {unknown}
 K - a scroll of enchant armour {unknown}
 P - a scroll of identify {unknown}
Potions
 e - a potion of blood
 f - a potion of invisibility {unknown}
 n - a potion of mutation {unknown}
 v - a potion of berserk rage {unknown}
 A - 2 potions of curing {unknown}
 F - 2 potions of degeneration {unknown}
Comestibles
 q - a royal jelly
 u - 2 fruits
 x - 2 bread rations
 L - a beef jerky


   Skills:
 + Level 2.1 Fighting
 + Level 4.1(4.2) Short Blades
 + Level 0.6(2.4) Long Blades
 + Level 1.7 Throwing
 + Level 1.0 Armour
 + Level 4.0 Dodging
 + Level 0.9 Stealth


You had 3 spell levels left.
You didn't know any spells.

Dungeon Overview and Level Annotations

Branches:
Dungeon (3/15)

Altars:


Innate Abilities, Weirdness & Mutations

You have razor-sharp teeth.
You have supernaturally acute eyesight. (SInv)
You can survive without breathing.


Message History

Beogh smites you! The orc completely misses you.
You barely miss the orc.
The orc is heavily wounded.
You feel sick. The orc hits you but does no damage. The orc closely misses you.
You barely miss the orc.
The orc is heavily wounded.
The orc closely misses you.
You riposte.
Your leather armour prevents you from hitting the orc.
You bite the orc.
You kill the orc!
The orc priest looks braver for a moment.
You slash the orc!
You kill the orc!
Your Dodging skill increases to level 4!
The orc priest hits you with a mace.
You hit the orc priest but do no damage.
You feel sick.
The orc priest mumbles some strange prayers to Beogh against you.
Beogh smites you!
You die...

## o. #. .#####.
.......
.......####
.......o@(#
.......##†.......
#...... %.#######
..#.#####.# # #
..> ##. .# .#


You could see an orc priest.

Vanquished Creatures
  2 adders (D:2)
  An ooze (D:1)
  3 dart slugs
  A leopard gecko (D:2)
  5 orcs (D:3)
  2 giant cockroaches (D:1)
  10 goblins
  3 hobgoblins (D:2)
  5 kobolds
  A quokka (D:2)
  2 bats (D:2)
  2 frilled lizards
  8 rats
45 creatures vanquished.

Notes
Turn   | Place    | Note
-------+----------+-------------------------------------------
     0 | D:1      | Patwa the Vampire Gladiator began the quest for the Orb.
     0 | D:1      | Reached XP level 1. HP: 16/16 MP: 1/1
   106 | D:1      | Reached XP level 2. HP: 8/22 MP: 2/2
   523 | D:1      | Reached XP level 3. HP: 27/27 MP: 3/3
  1204 | D:2      | Reached skill level 1 in Armour
  1274 | D:2      | Reached XP level 4. HP: 33/33 MP: 4/4
  1314 | D:3      | Killed from afar by an orc priest

Skill      XL: |  1  2  3  4 |
---------------+-------------+-----
Fighting       | 2 |  2.1
Short Blades   | 4 |  4.1
Armour         | 1 |  1.0
Dodging        | 4 |  4.0
Long Blades    | |  0.6
Throwing       | |  1.7
Stealth        | |  0.9

Action                   |  1- 3 |  4- 6 || total
-------------------------+-------+-------++-------
Melee: Rapier            |    69 |       ||    69
       Bite              |     6 |     3 ||     9
       Great sword       |    26 |    10 ||    36
Throw: Throwing net      |     1 |       ||     1
  Eat: Corpse            |     8 |       ||     8
Armor: Leather armour    |    49 |     2 ||    51
Dodge: Dodged            |    97 |     7 ||   104
       Rpst.: Great sword |    14 |     2 ||    16
